 Dungeon Crawl Stone Soup version 0.28.0-43-g3370ac3207 (webtiles) character file.

Game seed: 10789985170919291409

260 pkoi the Gusty (level 6, 0/36 HPs)
             Began as an Octopode Air Elementalist on Mar 17, 2022.
             Slain by a killer bee (6 damage)
             ... on level 4 of the Dungeon on Mar 18, 2022.
             The game lasted 00:07:21 (4643 turns).

pkoi the Gusty (Octopode Air Elementalist)          Turns: 4643, Time: 00:07:21

Health: 0/36       AC:  1    Str:  7    XL:     6   Next: 17%
Magic:  3/10       EV: 13    Int: 19    God:
Gold:   65         SH:  0    Dex: 13    Spells: 3/11 levels left

rFire   . . .      SeeInvis .   c - +0 short sword (freeze)
rCold   . . .      Faith    .   (no shield)
rNeg    . . .      Spirit   .   (helmet restricted)
rPois   .          Reflect  .   (no amulet)
rElec   .          Harm     .   (no ring)
rCorr   .          Rampage  .   (no ring)
Will    .....                   (no ring)
Stlth   +++.......              (no ring)
HPRegen 0.12/turn               (no ring)
MPRegen 0.12/turn               (no ring)
                                (no ring)
                                (no ring)

@: lethally poisoned (0 -> -7), very slightly contaminated
A: almost no armour, amphibious, 8 rings, camouflage 1, gelatinous body 1,
(nimble swimmer 1), tentacles
a: no special abilities


You were on level 4 of the Dungeon.
You visited 1 branch of the dungeon, and saw 4 of its levels.

You collected 65 gold pieces.

Inventory:

Hand Weapons
 c - a +0 short sword of freezing (weapon)
Wands
 d - a wand of mindburst (10)
Scrolls
 a - a scroll of teleportation
 g - a scroll of amnesia
Potions
 b - a potion of curing {unknown}
 e - a potion of flight
 f - a potion of mutation {unknown}
 h - a potion of resistance {unknown}


   Skills:
 - Level 2.0 Dodging
 - Level 2.6 Stealth
 - Level 3.0 Spellcasting
 - Level 1.0 Conjurations
 * Level 6.2 Air Magic


You had 3 spell levels left.
You knew the following spells:

 Your Spells              Type           Power      Damage    Failure   Level
a - Shock                 Conj/Air       64%        1d7       3%          1
b - Swiftness             Air            26%        N/A       3%          3
c - Airstrike             Air            13%        N/A       12%         4

Your spell library contained the following spells:

 Spells                   Type           Power      Damage    Failure   Level
 Static Discharge         Conj/Air       16%        N/A       5%          2
 Foxfire                  Conj/Fire      16%        2x1d4     12%         1
 Conjure Flame            Conj/Fire      4%         6-21      36%         3
 Inner Flame              Hex/Fire       2%         N/A       41%         3
 Flame Wave               Conj/Fire      4%         2d5       77%         4


Dungeon Overview and Level Annotations

Branches:
Dungeon (4/15)
 Temple: D:4-7

Altars:

Shops:
D:2 =

Annotations:
D:3 3 runed translucent doors, Sigmund; reversiblehash's ghost, amateur MiFi


Innate Abilities, Weirdness & Mutations

You cannot wear most types of armour.
You are amphibious.
You can wear up to eight rings at the same time.
Your skin changes colour to match your surroundings (Stealth+).
Your rubbery body absorbs attacks. (AC +1, EV +1)
((You are camouflaged when in or above water. (Stealth+)))
You have tentacles for arms and can constrict up to eight enemies at once.


Message History

Aiming: Shock (safe; 3% risk of failure)
Press: ? - help, Q - select action, (/) - cycle Shift-Dir - straight line, p - killer bee The zap misses the killer bee.
The killer bee closely misses you. The killer bee stings you!
* * * LOW HITPOINT WARNING * * *
Unknown command.
Aiming: Shock (safe; 3% risk of failure)
Press: ? - help, Q - select action, (/) - cycle Shift-Dir - straight line The zap hits the killer bee.
The killer bee is moderately wounded.
The killer bee closely misses you. x2
Unknown command.
Aiming: Shock (safe; 3% risk of failure)
Press: ? - help, Q - select action, (/) - cycle Shift-Dir - straight line The zap hits the killer bee.
The killer bee is severely wounded.
The killer bee completely misses you. The killer bee stings you.
* * * LOW HITPOINT WARNING * * *
Aiming: Shock (safe; 3% risk of failure)
Press: ? - help, Q - select action, (/) - cycle Shift-Dir - straight line The zap hits the killer bee.
The killer bee is almost dead.
The killer bee completely misses you. The killer bee stings you.
* * * LOW HITPOINT WARNING * * *
Aiming: Shock (safe; 3% risk of failure)
Press: ? - help, Q - select action, (/) - cycle Shift-Dir - straight line The zap misses the killer bee.
The killer bee stings you.
* * * LOW HITPOINT WARNING * * *
You are poisoned.
The killer bee poisons you! The killer bee stings you.
* * * LOW HITPOINT WARNING * * *
Aiming: Shock (safe; 3% risk of failure)
Press: ? - help, Q - select action, (/) - cycle Shift-Dir - straight line You miscast Shock.
You are very lightly contaminated with residual magic.
Nothing appears to happen.
* * * LOW HITPOINT WARNING * * *
You feel sick. The killer bee barely misses you. The killer bee stings you.
You die...

#. #.....## ##... .#
#......####...
#..####..##..........
#.......# ###...#>... .
#.#...# #.###....
...#....$. ##.# #...#
........#..####..###.###
#y.##.......##..#
##@.##..........#
#..............#
##....####......###
#..##.# ###.......
#....###.# ###.......
#.... #.####........#
#..#.. #.##.....?....#
#..#### ##....###.......
### #...####........


You could see a killer bee.

Vanquished Creatures
  A howler monkey (D:4)
  A jelly (D:4)
  A centaur skeleton (D:4)
  Jessica (D:2)
  An iguana (D:4)
  3 adders
  An ufetubus (D:4)
  4 worms
  3 dart slugs
  6 ball pythons
  9 endoplasms
  4 giant cockroaches
  2 goblins
  5 hobgoblins
  4 jackals (D:3)
  A quokka (D:1)
  6 bats
  8 frilled lizards
  3 kobolds
  5 rats
69 creatures vanquished.

Notes
Turn   | Place    | Note
-------+----------+-------------------------------------------
     0 | D:1      | pkoi the Octopode Air Elementalist began the quest for the
                  | Orb.
     0 | D:1      | Reached XP level 1. HP: 11/11 MP: 3/3
   174 | D:1      | Reached XP level 2. HP: 14/17 MP: 0/5
   548 | D:1      | Reached skill level 4 in Air Magic
   745 | D:2      | Found a faded altar of an unknown god.
   757 | D:2      | Reached XP level 3. HP: 21/21 MP: 3/6
  1538 | D:2      | Noticed Jessica
  1540 | D:2      | Killed Jessica
  1541 | D:2      | Reached XP level 4. HP: 27/27 MP: 4/7
  1589 | D:2      | Learned a level 3 spell: Swiftness
  1754 | D:2      | Reached skill level 5 in Air Magic
  1852 | D:2      | Found Kotiz's Jewellery Shoppe.
  2675 | D:3      | Noticed Sigmund
  3567 | D:3      | Noticed reversiblehash's ghost (amateur MiFi)
  3584 | D:3      | Reached XP level 5. HP: 31/31 MP: 1/8
  3756 | D:3      | Found a runed translucent gate.
  3756 | D:3      | Found a runed translucent gate.
  3756 | D:3      | Found a runed translucent gate.
  4474 | D:4      | Reached skill level 6 in Air Magic
  4589 | D:4      | Reached XP level 6. HP: 34/36 MP: 10/10
  4594 | D:4      | Learned a level 4 spell: Airstrike
  4643 | D:4      | Slain by a killer bee

Illustrated notes

Levels and vault maps discovered:
D:1:      minmay_arrival_five_plusses, layout_rooms, kennysheep_flooded_box
D:2:      layout_loops_ring, serial_shops,
          nicolae_shop_competitors_out_of_business,
          chequers_ecumenical_altar_simple, uniq_jessica
D:3:      layout_loops_ring, gammafunk_ghost_icy, uniq_sigmund
D:4:      kennysheep_the_goblin_king, layout_layer_cave,
          okawaru_metal_pillars_3, mainiacjoe_overflow_24_doors, serial_shops,
          kennysheep_mini_moat, kennysheep_doodads, minmay_close_crescents

Skill      XL: |  1  2  3  4  5 |
---------------+----------------+-----
Air Magic      | 4 5 6 |  6.2
Spellcasting   | 3 |  3.0
Dodging        | |  2.0
Stealth        | |  2.6
Conjurations   | |  1.0

Action                   |  1- 3 |  4- 6 || total
-------------------------+-------+-------++-------
Melee: Constrict         |     2 |     4 ||     6
       Unarmed           |     1 |       ||     1
       Short sword       |     1 |    13 ||    14
       Tentacles         |       |     5 ||     5
 Cast: Shock             |    70 |   118 ||   188
  Use: Scroll            |       |     9 ||     9
Armor: Skin              |     1 |     1 ||     2
Dodge: Dodged            |     2 |    26 ||    28
